 Dungeon Crawl Stone Soup version 0.31-a0-182-gc5ef74bbde (webtiles) character file.

Game seed: 6230863968499027070

356 qw the Chopper (level 6, 0/39 HPs)
             Began as a Gargoyle Fighter on June 20, 2023.
             Was an Initiate of Okawaru.
             Killed from afar by an orc wizard (3 damage)
             ... with a magic dart
             ... on level 4 of the Dungeon.
             The game lasted 00:01:30 (3509 turns).

qw the Chopper (Gargoyle Fighter)                   Turns: 3509, Time: 00:01:31

Health: 0/39       AC: 12    Str: 22    XL:     6   Next: 63%
Magic:  6/6        EV:  9    Int:  8    God:    Okawaru [......]
Gold:   253        SH:  4    Dex:  9    Spells: 5/5 levels left

rFire   . . .        Y - +5 war axe
rCold   . . .        c - +0 buckler
rNeg    + . .        b - +0 scale mail
rPois   inf          (no helmet)
rElec   +            (no cloak)
rCorr   .            h - +0 pair of gloves
SInv    .            (no boots)
Will    .....        (no amulet) Stlth
                     (no ring)
HPRegen 0.26/turn    (no ring)
MPRegen 0.10/turn

%: no passive effects
@: no status effects
A: sickness immunity, AC +4, negative energy resistance 1, electricity
resistance, torment resistance 1, petrification resistance
a: Renounce Religion


You were on level 4 of the Dungeon.
You worshipped Okawaru.
Okawaru was noncommittal.
You visited 2 branches of the dungeon, and saw 5 of its levels.

You collected 253 gold pieces.


Innate Abilities, Weirdness & Mutations

You are immune to sickness and miasma.
Your stone body is resilient. (AC +4)
You are immune to poison.
You resist negative energy. (rN+)
You are resistant to electric shocks. (rElec)
You are resistant to unholy torment.
You are immune to petrification.


   Skills:
 - Level 4.7 Fighting
 + Level 5.3 Axes
 - Level 3.2 Armour
 - Level 1.0 Dodging
 - Level 3.2 Shields


You had 5 spell levels left.
You didn't know any spells.
Your spell library was empty.

Inventory:

Hand Weapons
 a - a +0 flail
 Y - a +5 war axe (weapon)
Armour
 b - a +0 scale mail (worn)
 c - a +0 buckler (worn)
 h - a +0 pair of gloves (worn)
Wands
 l - a wand of digging (4)
Potions
 d - 2 potions of might
 e - a potion of enlightenment {unknown}
 f - a potion of curing {unknown}
 i - a potion of attraction {unknown}
 j - a potion of berserk rage {unknown}
 k - a potion of heal wounds {unknown}

Dungeon Overview and Level Annotations

Branches:
Dungeon (4/15)             Temple (1/1) D:4

Altars:
Ashenzari
Cheibriados
Dithmenos
Elyvilon
Fedhas
Gozag
Hepliaklqana
Kikubaaqudgha
Makhleb
Nemelex Xobeh
Okawaru
Qazlal
Ru
Sif Muna
Trog
Uskayaw
Vehumet
Wu Jian
Xom
Yredelemnul
Zin
The Shining One


Message History

The phantom hits you but does no damage.
A magic dart appears from out of thin air!
The magic dart hits you.
You closely miss the phantom.
Your surroundings suddenly seem different.
Autopickup is now on.
Enter note:
Enter note:
Enter note:
Enter note:
Enter note:
Enter note:
Enter note:
Enter note:
Enter note: You start resting.
An orc is nearby!
3506 ||| READING scroll of teleportation.
As you read the scroll of teleportation, it crumbles to dust.
You feel strangely unstable.
You slash the orc!
You kill the orc!
Okawaru accepts your kill.
3508 ||| FLEEEEING.
Found a leather armour.
Your surroundings suddenly seem different.
A puff of flame appears from out of thin air!
Deactivating autopickup; reactivate with Ctrl-A.
The puff of flame hits you.
Enter note:
Enter note:
Enter note:
Enter note:
Enter note:
Enter note:
Enter note:
Enter note:
Enter note: A magic dart appears from out of thin air!
The magic dart hits you.
You die...

.. #.#.......#.#.#.# .
....^..#.#........# #.
....~...~.{...~..)~).#
#.###.~....#....¤....#o...#
#..#.....~...~.....~...~..#
#....#(#.......#.#........#
###.#.......#.#.......#.#...#
......~...~.....~...~...¤..####
........#....~..@o#....~.#....##
#...%...¤.....¤...~...¤####..#
###.##....#%#.......#.## ##.#
#.##.#......##......# ###..#
#.##.#...#..####....###...##
#.##.....#..# ####.....###
#####.######.#..# #######
#...#.######.#..#
................#


You could see an orc priest.

Vanquished Creatures
  A phantom (D:4)
  2 howler monkeys
  Natasha (thrice) (D:3)
  A statue (D:3)
  3 adders (D:4)
  3 dart slugs
  4 orcs (D:4)
  3 bats
  9 endoplasms
  A giant cockroach (D:1)
  6 goblins
  7 hobgoblins
  4 jackals (D:1)
  9 kobolds
  2 quokkas
  5 ball pythons
  5 frilled lizards
  9 rats
77 creatures vanquished.

Notes
Turn   | Place    | Note
-------+----------+-------------------------------------------
     0 | D:1      | qw the Gargoyle Fighter began the quest for the Orb.
     0 | D:1      | Reached XP level 1. HP: 14/14 MP: 1/1
     0 | D:1      | 0 ||| qw: Version: 0.3-a-9-g12657ce
     0 | D:1      | 0 ||| qw: Game counter: 1332
     0 | D:1      | 0 ||| qw: Always use a shield: true
     0 | D:1      | 0 ||| qw: God list: Okawaru
     0 | D:1      | 0 ||| qw: Allow faded altars: false
     0 | D:1      | 0 ||| qw: Do Orc after D:15 true
     0 | D:1      | 0 ||| qw: Do second Lair branch before Depths: true
     0 | D:1      | 0 ||| qw: Lair rune preference: random
     0 | D:1      | 0 ||| qw: Plans: Normal, Zot:1-4, Slime:5, God:TSO, Crypt,
                  | Tomb, Abyss, Pan, Hells, Win
     0 | D:1      | 0 ||| PLANNING D:1-11
    66 | D:1      | Reached skill level 2 in Axes
    85 | D:1      | Reached XP level 2. HP: 19/19 MP: 2/2
   161 | D:1      | Found a faded altar of an unknown god.
   188 | D:1      | 188 ||| Stepping ~*~*~tactically~*~*~ (stealth).
   238 | D:1      | 238 ||| Stepping ~*~*~tactically~*~*~ (hiding).
   241 | D:1      | 241 ||| Stepping ~*~*~tactically~*~*~ (hiding).
   245 | D:1      | Reached skill level 3 in Axes
   258 | D:1      | 258 ||| Stepping ~*~*~tactically~*~*~ (stealth).
   263 | D:1      | Reached XP level 3. HP: 23/23 MP: 3/3
   318 | D:1      | 318 ||| DROPPING +0 club.
   322 | D:1      | 322 ||| DROPPING +0 whip.
   708 | D:1      | 708 ||| READING scroll labelled BUIBACR YPUG.
   713 | D:1      | 713 ||| READING 3 scrolls labelled YTEKIOC OCKAXE.
   714 | D:1      | 714 ||| READING 2 scrolls of enchant weapon.
   714 | D:1      | 714 ||| ENCHANTING +1 war axe.
   715 | D:1      | 715 ||| READING scroll of enchant weapon.
   715 | D:1      | 715 ||| ENCHANTING +2 war axe.
   716 | D:1      | 716 ||| READING scroll labelled DOFOYCY XA UDD.
   747 | D:2      | 747 ||| DROPPING +0 mace.
   782 | D:2      | 782 ||| READING scroll of enchant weapon.
   782 | D:2      | 782 ||| ENCHANTING +3 war axe.
  1120 | D:2      | 1120 ||| Stepping ~*~*~tactically~*~*~ (stealth).
  1510 | D:3      | Found a radiant altar of Vehumet.
  1510 | D:3      | Noticed a frost-covered statue
  1519 | D:3      | Killed a frost-covered statue
  1520 | D:3      | Reached skill level 4 in Axes
  1520 | D:3      | Reached XP level 4. HP: 14/28 MP: 4/4
  1592 | D:3      | 1592 ||| READING scroll of enchant weapon.
  1592 | D:3      | 1592 ||| ENCHANTING +4 war axe.
  1739 | D:3      | 1739 ||| Stepping ~*~*~tactically~*~*~ (stealth).
  1764 | D:3      | Reached XP level 5. HP: 25/32 MP: 5/5
  2027 | D:3      | Noticed Natasha
  2028 | D:3      | 2028 ||| Stepping ~*~*~tactically~*~*~ (hiding).
  2029 | D:3      | 2029 ||| Stepping ~*~*~tactically~*~*~ (hiding).
  2033 | D:3      | Killed Natasha
  2278 | D:3      | Found a faded altar of an unknown god.
  2282 | D:3      | Found a bloodstained altar of Trog.
  2303 | D:3      | 2303 ||| Stepping ~*~*~tactically~*~*~ (stealth).
  2343 | D:3      | Noticed Natasha
  2351 | D:3      | Killed Natasha
  2352 | D:3      | Reached skill level 5 in Axes
  2587 | D:3      | Noticed Natasha
  2588 | D:3      | 2588 ||| Stepping ~*~*~tactically~*~*~ (stealth).
  2589 | D:3      | 2589 ||| Stepping ~*~*~tactically~*~*~ (stealth).
  2596 | D:3      | Killed Natasha
  2609 | D:3      | 2609 ||| UPGRADING to +0 pair of gloves.
  2614 | D:3      | 2614 ||| READING 2 scrolls labelled OFOTUY BODEVO.
  2615 | D:3      | 2615 ||| DROPPING scroll of amnesia.
  2690 | D:4      | Found a staircase to the Ecumenical Temple.
  2691 | D:4      | 2691 ||| PLANNING TEMPLE
  2699 | Temple   | Entered the Ecumenical Temple
  2763 | Temple   | 2763 ||| PLANNING OKAWARU WORSHIP
  2870 | Temple   | Became a worshipper of Warmaster Okawaru
  2871 | Temple   | 2871 ||| PLANNING D:1-11
  2903 | D:4      | 2903 ||| STAIRDANCE
  2938 | D:4      | 2938 ||| Stepping ~*~*~tactically~*~*~ (stealth).
  2940 | D:4      | 2940 ||| Stepping ~*~*~tactically~*~*~ (stealth).
  2942 | D:4      | 2942 ||| Stepping ~*~*~tactically~*~*~ (hiding).
  3019 | D:4      | Noticed a phantom
  3033 | D:4      | Killed a phantom
  3034 | D:4      | Reached XP level 6. HP: 32/39 MP: 6/6
  3042 | D:4      | Reached skill level 1 in Dodging
  3153 | D:4      | 3153 ||| READING scroll labelled QABIMUB KAXKAUNU.
  3258 | D:4      | 3258 ||| STAIRDANCE
  3495 | D:4      | HP: 8/39 [orc priest/divine providence (12)]
  3496 | D:4      | 3496 ||| READING 2 scrolls of teleportation.
  3497 | D:4      | HP: 3/39 [something/magic dart (6)]
  3506 | D:4      | 3506 ||| READING scroll of teleportation.
  3508 | D:4      | 3508 ||| FLEEEEING.
  3508 | D:4      | HP: 3/39 [something/puff of flame (3)]
  3509 | D:4      | Killed from afar by an orc wizard

Levels and vault maps discovered:
D:1:      minmay_arrival_doors, layout_basic,
          chequers_ecumenical_altar_simple_redux, minmay_misc_feat_square
D:2:      layout_basic, minmay_hexomino_f4
D:3:      layout_loops_corners, vehumet_statue,
          nicolae_overflow_ecumenical_swirl, uniq_natasha
D:4:      layout_loops_ring, temple_fountains, hangedman_decor_clover_reticule,
          nicolae_kite_square_tiling_tiny, kennysheep_big_empty_room,
          chequers_serial_rivers_micro_a
Temple:   nicolae_temple_bog_church

Skill      XL: |  1  2  3  4  5  6 |
---------------+-------------------+-----
Axes           | 2 3 4 5 |  5.3
Fighting       | 4 |  4.7
Dodging        | 1 |  1.0
Armour         | |  3.2
Shields        | |  3.2

Action                     |  1- 3 |  4- 6 || total
---------------------------+-------+-------++-------
  Melee: War axe           |   111 |    74 ||   185
    Use: Scroll            |     6 |     5 ||    11
 Armour: Scale mail        |    47 |    33 ||    80
  Dodge: Dodged            |    48 |    29 ||    77
  Block: Buckler           |    17 |    12 ||    29

Table legend:
 A = Non-vault XP
 B = Vault XP
 C = Vault XP percentage of total XP
 D = Non-vault monster count
 E = Vault monster count
 F = Vault count percentage of total count
                 A         B        C        D         E       F
            +---------+---------+-------+---------+---------+-------
      Total |     440 |      69 |  13.6 |      72 |       5 |   6.5
            +---------+---------+-------+---------+---------+-------
        D:1 |      58 |       0 |   0.0 |      34 |       0 |   0.0
        D:2 |      14 |       4 |  22.2 |       8 |       3 |  27.3
        D:3 |     140 |      65 |  31.7 |      11 |       2 |  15.4
        D:4 |     228 |       0 |   0.0 |      19 |       0 |   0.0
            +---------+---------+-------+---------+---------+-------
